POAWER, neutral female scurrid Tourist --------------------------------------------------------------------------- |..t..........o................................................| |................................................................o........| |.........................Y.........j............?.Q......................| |......................%..?.................i......Q........*...)..o....+.| |.......?...........................i............Q..Q................j....| |............%...'........................................................| |........l................................................................| --------------------------------------------------------------------------- POAWER the Rambler Experience level: 1 Strength: 14 Dexterity: 12 Constitution: 14 Intelligence: 12 Wisdom: 11 Charisma: 12 Health: 0(9) Energy: 2(2) Def: 0 Gold: 460 Moves: 35 Dungeon seed: i050A2j45lTMH1ni Game ID: POAWER_1498722439 Your Inventory: Coins $ - 460 gold pieces Weapons a - 40 uncursed +2 darts (in quiver) Armor e - an uncursed +0 Hawaiian shirt (being worn) Comestibles b - 6 uncursed food rations c - 2 uncursed tripe rations d - 3 uncursed fortune cookies f - an uncursed tin of newt meat Scrolls h - 4 uncursed scrolls of magic mapping Potions g - 2 uncursed potions of extra healing Wands k - an uncursed wand of secret door detection (0:15) Tools i - an uncursed expensive camera (0:59) j - an uncursed credit card l - an uncursed tin opener Spells and supernatural/magical abilities: Name Level Category Fail Memory W - pray for help -- divine ? -- Your skills at the end: Miscellaneous Skills wands [Basic] Weapon Skills dart [Basic] Spellcasting Skills Final Attributes: You were devoutly aligned. You had infravision. You were very stealthy. You were held by an owlbear. You are dead. Voluntary challenges: You went without food. You did not adorn yourself with jewelry or accessories. You did not cause conflict. You were not invisible. You did not have reflection. You were not displaced. You were an atheist. You never hit with a wielded weapon. You were a pacifist. You did not use tools. You did not use plumbed fixtures. You did not drink any magical draughts. You were illiterate. You never genocided any monsters. You never polymorphed an object. You never changed form. You used no wishes. You never split a pudding. You never wrote Elbereth's name. You never violated your personal moral code. Dungeon overview: The Dungeons of Doom: levels 1 to 13 Level 1 a long staircase Level 2 Level 3 a delicatessen Level 4 Level 5 Level 6 an altar to Blind Io Level 7 Level 8 Level 9 Level 10 Level 11 Level 12 Level 13 <- You were here History has recorded: On T:1 you entered the Dungeons of Doom to retrieve the Amulet of Yendor! On T:9 you reached level 2 of The Dungeons of Doom. On T:11 you reached level 3 of The Dungeons of Doom. On T:13 you reached level 4 of The Dungeons of Doom. On T:16 you reached level 5 of The Dungeons of Doom. On T:18 you reached level 6 of The Dungeons of Doom. On T:20 you reached level 7 of The Dungeons of Doom. On T:22 you reached level 8 of The Dungeons of Doom. On T:25 you reached level 9 of The Dungeons of Doom. On T:27 you reached level 10 of The Dungeons of Doom. On T:29 you reached level 11 of The Dungeons of Doom. On T:31 you reached level 12 of The Dungeons of Doom. On T:34 you reached level 13 of The Dungeons of Doom. Score breakdown: Gold: 0 ( 0 points) Experience: 1 level ( 0 points) Exploration: 13 levels ( 360 points) Discoveries: 0 items ( 0 points) Variety of kills: 0 monsters ( 0 points) Major goal: (nothing yet) ( 0 points) Survival: died (score multiplied by 3) Total score: 1080 Latest messages: You continue digging downward. You dig a hole through the floor. You fall through... You receive a faint telepathic message from Twoflower: Your help is urgently needed at Ankh-Morpork! Look for a ...ic transporter. You couldn't quite make out that last message. You start digging downward. You continue digging downward. You dig a pit in the floor. You continue digging downward. You dig a hole through the floor. You fall through... You start digging downward. You continue digging downward. You dig a pit in the floor. You continue digging downward. You dig a hole through the floor. You fall through... You start digging downward. The owlbear claws you! (2x) The owlbear grabs you! You die... Final status: Aloha POAWER the Tourist, killed by an owlbear... You died in The Dungeons of Doom on dungeon level 13 with 1080 points, and 460 pieces of gold, after 35 moves. You were level 1 with a maximum of 9 hit points when you died.